 Dungeon Crawl Stone Soup version 0.30-a0-393-g54b8e3be05 (webtiles) character file.

Game seed: 3467626594391564922

3 funkygono the Firebug (level 1, 0/13 HPs)
             Began as a Demonspawn Fire Elementalist on Dec 5, 2022.
             Slain by a jackal (1 damage)
             ... on level 1 of the Dungeon.
             The game lasted 00:00:35 (213 turns).

funkygono the Firebug (Demonspawn Fire Elementalist) Turns: 213, Time: 00:00:36

Health: 0/13       AC:  2    Str:  8    XL:     1   Next: 41%
Magic:  1/3        EV: 12    Int: 16    God:
Gold:   0          SH:  0    Dex: 13    Spells: 3/4 levels left

rFire   . . .      SeeInvis .    d - +0 club
rCold   . . .      Faith    .    (no shield)
rNeg    . . .      Spirit   .    a - +0 robe
rPois   .          Reflect  .    (no helmet)
rElec   .          Harm     .    (no cloak)
rCorr   .          Rampage  .    (no gloves)
Will    .....                    (no boots)
Stlth   ++........               (no amulet)
HPRegen 0.22/turn                (no ring)
MPRegen 0.08/turn                (no ring)

@: no status effects
A: no striking features
a: no special abilities


You were on level 1 of the Dungeon.
You visited 1 branch of the dungeon, and saw 1 of its levels.

Inventory:

Hand Weapons
 d - a +0 club (weapon)
Armour
 a - a +0 robe (worn)
Potions
 b - a potion of magic
 c - a potion of flight {unknown}


   Skills:
 + Level 1.7 Dodging
 - Level 1.7 Stealth
 + Level 2.1 Spellcasting
 + Level 1.0 Conjurations
 + Level 2.8 Fire Magic


You had 3 spell levels left.
You knew the following spells:

 Your Spells              Type           Power      Damage    Failure   Level
a - Foxfire               Conj/Fire      28%        2x1d5     10%         1

Your spell library contained the following spells:

 Spells                   Type           Power      Damage    Failure   Level
 Scorch                   Fire           20%        2d6       10%         2
 Inner Flame              Hex/Fire       6%         N/A       34%         3
 Kindle Blastsparks       Fire/Tloc/Air  8%         2d10      38%         3
 Flame Wave               Conj/Fire      7%         2d5       67%         4


Dungeon Overview and Level Annotations

Branches:
Dungeon (1/15)

Altars:


Message History

The jackal is almost dead.
The jackal bites you but does no damage.
The jackal attacks as you move away! The jackal closely misses you.
You hit the plant.
The plant begins to die.
The plant is lightly damaged.
The jackal barely misses you. The jackal bites you.
The jackal bites you but does no damage.
The jackal closely misses you. x2
The jackal attacks as you move away! The jackal barely misses you.
A nearby plant withers and dies.
The jackal bites you. x2
* * * LOW HITPOINT WARNING * * *
The jackal barely misses you. x2
The jackal attacks as you move away! The jackal closely misses you.
The jackal attacks as you move away! The jackal closely misses you.
The jackal bites the plant.
The plant begins to die.
A nearby plant withers and dies.
The jackal bites you but does no damage.
The jackal bites the plant.
The plant begins to die.
Casting: Foxfire (safe; 10% risk of failure)
Confirm with . or Enter, or press ? or * to list all spells.
You don't have enough magic to cast this spell.
Unknown command.
The jackal attacks as you move away! The jackal bites you.
* * * LOW HITPOINT WARNING * * *
The jackal bites the bush but does no damage.
The jackal bites you but does no damage.
The jackal completely misses the plant.
The jackal attacks as you move away! The jackal bites you.
* * * LOW HITPOINT WARNING * * *
A nearby plant withers and dies.
The jackal attacks as you move away! The jackal closely misses you.
The jackal attacks as you move away! The jackal closely misses you.
The jackal bites you.
* * * LOW HITPOINT WARNING * * *
The jackal misses you. The jackal attacks as you move away!
The jackal bites you.
* * * LOW HITPOINT WARNING * * *
The jackal attacks as you move away! The jackal misses you.
The jackal attacks as you move away! The jackal bites you.
You die...

.P♣.♣♣P<..♣♣P#
#.h......##.#
..PP♣.♣...PP.#
####........#
...PP♣♣PP.P..#
###.######
#....PP.....## #.#
##..⌠......## #.#
#.######.###### #.#
#.............# #.#
##### ######.##..h#.#
####.###...# #.#..hh@.#
#........#.)
#.....b..####.#...##...#
#..................#####
#.........#####...##
#.........# ##.##
#.##...##.# #.#
#.###..##.# #.# #.#
##.##.# ##'## #.# #.##.#
##...##


You could see 3 jackals.

Vanquished Creatures
  An endoplasm (D:1)
  A goblin (D:1)
  A kobold (D:1)
  2 butterflies (D:1)
5 creatures vanquished.

Vanquished Creatures (others)
  15 foxfires (D:1)
  4 plants (D:1)
19 creatures vanquished.

Grand Total: 24 creatures vanquished

Notes
Turn   | Place    | Note
-------+----------+-------------------------------------------
     0 | D:1      | funkygono the Demonspawn Fire Elementalist began the quest
                  | for the Orb.
     0 | D:1      | Reached XP level 1. HP: 13/13 MP: 3/3
   213 | D:1      | Slain by a jackal

Illustrated notes

Levels and vault maps discovered:
D:1:      spicycebolla_arrival_clurvy, layout_loops_corners,
          nrook_loot_triangle, minmay_heptomino_l4

Action                   || total
-------------------------++-------
Melee: Unarmed           ||     2
       Club              ||     1
 Cast: Foxfire           ||     8
 Stab: Sleeping          ||     1
Armor: Robe              ||     5
Dodge: Dodged            ||    25

Table legend: (Time is in decaauts)
 A = Elapsed time spent in this place.
 B = Non-inter-level travel time spent in this place.
 C = Inter-level travel time spent in this place.
 D = Time resting spent in this place.
 E = Time spent auto-exploring this place.
 F = Levels seen in this place.
 G = Mean time per level.
                   A        B        C        D        E       F      G
               +--------+--------+--------+--------+--------+-----+--------+
         Total |    212 |    212 |      0 |      0 |    145 |   1 |  212.0 |
       Dungeon |    212 |    212 |      0 |      0 |    145 |   1 |  212.0 |
               +--------+--------+--------+--------+--------+-----+--------+

Top non-repeatable levels by time:
     D:1: 212 daAuts
